 Dungeon Crawl Stone Soup version 0.22-a0-608-g8a62e23 (webtiles) character file.

3357 Hebeh the Thaumaturge (level 9, 0/52 HPs)
             Began as a Deep Elf Fire Elementalist on July 9, 2018.
             Was a Follower of Vehumet.
             Slain by a worker ant zombie (1 damage)
             ... on level 8 of the Dungeon.
             The game lasted 01:31:44 (12196 turns).

Hebeh the Thaumaturge (Deep Elf Fire Elementalist) Turns: 12196, Time: 01:31:46

Health: 0/52       AC:  7    Str:  6    XL:     9   Next: 73%
Magic:  14/23      EV: 16    Int: 23    God:    Vehumet [*.....]
Gold:   369        SH:  0    Dex: 15    Spells: 4/24 levels left

rFire    . . .     SeeInvis .   a - +0 trident
rCold    . . .     Gourm    .   (no shield)
rNeg     . . .     Faith    .   d - +1 robe
rPois    +         Spirit   .   D - +1 hat
rElec    .         Reflect  .   M - +0 cloak
rCorr    .         Harm     .   n - +0 pair of gloves
MR       .....                  m - +0 pair of boots
Stlth    +++.......             (no amulet)
HPRegen  0.17/turn              q - ring of wizardry
MPRegen  0.18/turn              s - ring of poison resistance

@: no status effects
A: no striking features
a: Renounce Religion


You were on level 8 of the Dungeon.
You worshipped Vehumet.
Vehumet was aware of your devotion.
You were not hungry.

You visited 2 branches of the dungeon, and saw 9 of its levels.

You collected 369 gold pieces.

Inventory:

Hand Weapons
 a - a +0 trident (weapon)
 b - a +1 hunting sling
 v - a +0 dagger
Missiles
 h - 180 stones
 l - 7 tomahawks (quivered)
Armour
 d - a +1 robe (worn)
 m - a +0 pair of boots (worn)
 n - a +0 pair of gloves (worn)
 D - a +1 hat (worn)
 M - a +0 cloak (worn)
Jewellery
 q - a ring of wizardry (left hand)
 s - a ring of poison resistance (right hand)
 C - an uncursed ring of resist corrosion
Wands
 t - a wand of iceblast (27)
 w - a wand of polymorph (22)
 y - a wand of flame (22)
 G - a wand of clouds (7)
 I - a wand of disintegration (11)
Scrolls
 i - 5 scrolls of identify
 j - a scroll of remove curse
 p - 4 scrolls of teleportation
 r - a scroll of enchant armour
 A - a scroll of magic mapping
 J - a scroll of blinking {unknown}
 L - a scroll of amnesia
Potions
 e - a potion of ambrosia
 f - 2 potions of haste
 g - a potion of curing {unknown}
 k - 2 potions of heal wounds
 o - a potion of magic {unknown}
 u - 4 potions of brilliance {unknown}
 x - 2 potions of might {unknown}
 z - 3 potions of mutation {unknown}
 E - a potion of agility {unknown}
 F - 2 potions of berserk rage {unknown}
 H - a potion of cancellation {unknown}
Comestibles
 c - 10 rations


   Skills:
 + Level 4.0 Fighting
 - Level 0.8(1.0) Slings
 - Level 1.0(1.2) Throwing
 + Level 6.3 Dodging
 - Level 4.0 Stealth
 + Level 8.2 Spellcasting
 * Level 7.9 Conjurations
 * Level 8.1 Fire Magic


You had 4 spell levels left.
You knew the following spells:

 Your Spells              Type           Power        Failure   Level  Hunger
a - Flame Tongue          Conj/Fire      #####        1%          1    None
b - Throw Flame           Conj/Fire      #####.       1%          2    None
c - Conjure Flame         Conj/Fire      #####...     1%          3    None
d - Inner Flame           Hex/Fire       ####....     1%          3    None
e - Fireball              Conj/Fire      #####.....   2%          5    #####..
f - Sticky Flame          Conj/Fire      #####...     1%          4    ###....
g - Blink                 Tloc           N/A          4%          2    None

Your spell library contained the following spells:

 Spells                   Type           Power        Failure   Level  Hunger
 Magic Dart               Conj           ####         1%          1    None
 Slow                     Hex            #.......     4%          2    None
 Mephitic Cloud           Conj/Pois/Air  ###.....     2%          3    None
 Call Imp                 Summ           #.......     4%          2    None
 Spider Form              Tmut/Pois      #.........   9%          3    None
 Blade Hands              Tmut           #.........   56%         5    #####..
 Ice Form                 Ice/Tmut       #.......     26%         4    ###....
 Sticks to Snakes         Tmut           #.......     4%          2    None
 Beastly Appendage        Tmut           #.....       2%          1    None


Dungeon Overview and Level Annotations

Branches:
Dungeon (8/15)             Temple (1/1) D:4
   Lair: D:8-11

Altars:
Ashenzari
Fedhas
Gozag
Nemelex Xobeh
Okawaru
Qazlal
Trog
Vehumet
Wu Jian
Xom
Zin

Shops:
D:4 =


Message History

The two-headed ogre closely misses you. The adder bites you but does no damage.
Casting: Flame Tongue (safe; 1% risk of failure)
Confirm with . or Enter, or press ? or * to list all spells.
Aiming: Flame Tongue (safe; 1% risk of failure)
Press: ? - help, Shift-Dir - straight line, f - adder
Aim: an adder The flame tongue hits the adder.
You kill the adder!
Vehumet accepts your kill.
The two-headed ogre burns!
The two-headed ogre stops burning.
The two-headed ogre closely misses you. The two-headed ogre barely misses you.
The two-headed ogre misses you. The two-headed ogre barely misses you.
There is a stone staircase leading down, spattered with blood here.
The two-headed ogre hits you with a giant spiked club.
* * * LOW HITPOINT WARNING * * *
The two-headed ogre hits you with a giant club!
* * * LOW HITPOINT WARNING * * *
You climb downwards.
The scorpion misses you. The orc hits you but does no damage.
The worker ant zombie bites you.
You die...

## #. #. ##. ..
#. #######
##Z#......#
#.s@..o..o.
......o.O..##..
###...>..#.#
....)..... ..
).....#.... ...
............ ..
....../..#o#. #
..............


You could see a two-headed ogre, a scorpion, an orc wizard, 3 orcs and a worker
ant zombie.

Vanquished Creatures
  A hippogriff (D:7)
  Eustachio (D:4)
  A steam dragon (D:6)
  A water moccasin (D:7)
  2 orc warriors (D:6)
  2 ice beasts
  3 ogres
  A phantom (D:7)
  A centaur (D:5)
  4 bullfrogs
  A wyvern skeleton (D:4)
  3 scorpions
  6 electric eels (D:7)
  A howler monkey (D:7)
  2 bullfrog zombies
  3 crimson imps
  A hound (D:7)
  5 orc wizards
  Crazy Yiuf (D:5)
  2 bullfrog skeletons
  A centaur skeleton (D:4)
  2 orc priests
  Natasha (thrice) (D:4)
  2 iguanas (D:5)
  Ijyb (D:5)
  5 worker ants
  A hound skeleton (D:5)
  12 gnolls
  A worker ant zombie (D:6)
  9 adders
  A howler monkey skeleton (D:7)
  4 shadow imps
  An ooze (D:3)
  2 adder zombies (D:5)
  5 worms
  A dart slug (D:2)
  8 leopard geckos
  35 orcs
  11 bats
  6 giant cockroaches
  12 goblins
  8 hobgoblins
  11 jackals
  7 kobolds
  3 quokkas
  3 frilled lizards
  A quokka skeleton (D:5)
  9 rats
207 creatures vanquished.

Vanquished Creatures (others)
  A steam dragon (D:6)
  A fungus (D:6)
  A plant (D:7)
3 creatures vanquished.

Grand Total: 210 creatures vanquished

Notes
Turn   | Place    | Note
-------+----------+-------------------------------------------
     0 | D:1      | Hebeh the Deep Elf Fire Elementalist began the quest for the Orb.
     0 | D:1      | Reached XP level 1. HP: 10/10 MP: 6/6
   338 | D:1      | Reached XP level 2. HP: 10/15 MP: 5/8
  1352 | D:2      | Learned a level 2 spell: Throw Flame
  1385 | D:2      | Reached XP level 3. HP: 19/19 MP: 6/9
  1825 | D:2      | Found an iron altar of Okawaru.
  1971 | D:2      | Reached XP level 4. HP: 23/24 MP: 6/11
  2508 | D:3      | Learned a level 3 spell: Conjure Flame
  2512 | D:3      | Learned a level 3 spell: Inner Flame
  2553 | D:3      | Reached skill level 1 in Throwing
  2697 | D:3      | Reached XP level 5. HP: 10/28 MP: 3/13
  3113 | D:3      | Reached skill level 1 in Fighting
  3603 | D:3      | Found an ornate altar of the Wu Jian Council.
  3726 | D:3      | Reached XP level 6. HP: 31/34 MP: 8/14
  4030 | D:4      | Noticed Natasha
  4032 | D:4      | Killed Natasha
  4049 | D:4      | Noticed Eustachio
  4063 | D:4      | HP: 1/34 [quasit[Eustachio] (2)]
  4064 | D:4      | Killed Eustachio
  4064 | D:4      | Reached skill level 5 in Spellcasting
  4093 | D:4      | Noticed Natasha
  4108 | D:4      | Killed Natasha
  4108 | D:4      | Reached skill level 5 in Fire Magic
  4114 | D:4      | Noticed Natasha
  4316 | D:4      | Reached XP level 7. HP: 29/38 MP: 10/16
  4719 | D:4      | Killed Natasha
  4797 | D:4      | Found a staircase to the Ecumenical Temple.
  4810 | Temple   | Entered the Ecumenical Temple
  4818 | Temple   | Became a worshipper of Vehumet
  5009 | D:4      | Found Orchoum's Jewellery Emporium.
  5360 | D:4      | Learned a level 5 spell: Fireball
  5361 | D:5      | Entered Level 5 of the Dungeon
  5391 | D:5      | Noticed Ijyb
  5397 | D:5      | Killed Ijyb
  6565 | D:5      | Reached XP level 8. HP: 44/44 MP: 12/19
  6753 | D:5      | Reached skill level 5 in Conjurations
  7052 | D:5      | Learned a level 4 spell: Sticky Flame
  7489 | D:5      | Found a runed door.
  7573 | D:5      | Noticed Crazy Yiuf
  7585 | D:5      | Killed Crazy Yiuf
  8084 | D:6      | Reached skill level 5 in Dodging
  8306 | D:6      | Found a glowing silver altar of Zin.
  8909 | D:6      | Reached * piety under Vehumet
  8909 | D:6      | Offered knowledge of Freeze by Vehumet.
  9341 | D:6      | HP: 1/46 [steam dragon (6)]
  9342 | D:6      | Reached XP level 9. HP: 1/51 MP: 8/22
  9967 | D:7      | Found a bloodstained altar of Trog.
 10176 | D:7      | Found a shimmering altar of Xom.
 10180 | D:7      | Found a shimmering altar of Xom.
 10180 | D:7      | Found a shimmering altar of Xom.
 10180 | D:7      | Found a shimmering altar of Xom.
 10180 | D:7      | Found a shimmering altar of Xom.
 10180 | D:7      | Found a shimmering altar of Xom.
 10181 | D:7      | Found a shimmering altar of Xom.
 10181 | D:7      | Found a shimmering altar of Xom.
 10461 | D:7      | Found a stormy altar of Qazlal.
 10881 | D:7      | Found a shattered altar of Ashenzari.
 11010 | D:7      | Noticed a tyrant leech
 11871 | D:7      | Learned a level 2 spell: Blink
 11878 | D:8      | Noticed a two-headed ogre
 12195 | D:7      | HP: 1/52 [two-headed ogre/giant spiked club (9)]
 12196 | D:8      | Slain by a worker ant zombie

Vault maps used:
D:1:      dpeg_arrival_ratfight
D:2:      okawaru_ov_weapons_minmay, first_ration, minivault_4,
          serial_bayou_ford_a
D:3:      nicolae_overflow_crystal_walls
D:4:      minmay_temple_entry_overgrown, serial_shops, shop, uniq_eustachio,
          uniq_natasha
D:5:      st_stairs_8, minmay_misc_feat_cross, uniq_ijyb,
          uniq_crazy_yiuf_cottage
D:6:      kennysheep_steamy, zin_statuary, corexii_shack
D:7:      cheibrodos_two_vegetables, lemuel_crystal_altar,
          evilmike_ruin_ashenzari, kennysheep_mini, xom_shifter_show
D:8:      minmay_lair_entry_lava, grunt_pizzeria
Temple:   zaba_magenta_temple

Skill      XL: |  1  2  3  4  5  6  7  8  9 |
---------------+----------------------------+-----
Stealth        | 3 4 |  4.0
Dodging        | 3 4 5 6 |  6.3
Conjurations   | 2 3 4 6 7 |  7.9
Throwing       | 1 |  1.0
Fire Magic     | 4 5 6 8 |  8.1
Spellcasting   | 4 5 6 7 8 |  8.2
Fighting       | 1 2 3 4 |  4.0
Slings         | |  0.8

Action                   |  1- 3 |  4- 6 |  7- 9 || total
-------------------------+-------+-------+-------++-------
Melee: Short sword       |     2 |       |       ||     2
       Trident           |       |     8 |    22 ||    30
       Hunting sling     |       |       |    10 ||    10
 Fire: Hunting sling     |    21 |    88 |   122 ||   231
Throw: Stone             |    30 |       |       ||    30
 Cast: Flame Tongue      |    70 |   109 |   223 ||   402
       Throw Flame       |     1 |    11 |    82 ||    94
       Conjure Flame     |       |     4 |     4 ||     8
       Fireball          |       |       |     3 ||     3
       Inner Flame       |       |       |     1 ||     1
       Sticky Flame      |       |       |     2 ||     2
       Blink             |       |       |     1 ||     1
Evoke: Wand              |       |       |     2 ||     2
  Use: Scroll            |     8 |     6 |     2 ||    16
       Potion            |       |     1 |       ||     1
  Eat: Chunk             |     3 |     7 |    14 ||    24
       Ration            |       |       |     4 ||     4
Armor: Robe              |     8 |    17 |    68 ||    93
Dodge: Dodged            |    22 |    41 |   116 ||   179

Table legend:
 A = Spawn XP
 B = Non-spawn XP
 C = Spawn XP percentage of total XP
 D = Spawn monster count
 E = Non-spawn monster count
 F = Spawn count percentage of total count
 G = Total turns spent on level
                    A         B        C        D         E        F      G
               +---------+---------+-------+---------+---------+-------+---------
         Total |       0 |    4796 |   0.0 |       0 |     208 |   0.0 | 12196
               +---------+---------+-------+---------+---------+-------+---------
           D:1 |       0 |      38 |   0.0 |       0 |      24 |   0.0 |  1340
           D:2 |       0 |      82 |   0.0 |       0 |      26 |   0.0 |  1146
           D:3 |       0 |     301 |   0.0 |       0 |      51 |   0.0 |  1484
           D:4 |       0 |     761 |   0.0 |       0 |      17 |   0.0 |  1412
           D:5 |       0 |     820 |   0.0 |       0 |      26 |   0.0 |  2318
           D:6 |       0 |    1001 |   0.0 |       0 |      32 |   0.0 |  2221
           D:7 |       0 |    1619 |   0.0 |       0 |      29 |   0.0 |  2244
           D:8 |       0 |     174 |   0.0 |       0 |       3 |   0.0 |    16
               +---------+---------+-------+---------+---------+-------+---------
